 Dungeon Crawl Stone Soup version 0.29-a0-486-ga88943ba61 (console) character file.

Game seed: 10329354859658350940

2305 Banquo the Chopper (level 9, -8/65 HPs)
             Began as a Djinni Gladiator on May 26, 2022.
             Mangled by an orc warrior
             ... wielding a +0 long sword
              (10 damage)
             ... on level 7 of the Dungeon.
             The game lasted 00:31:52 (11692 turns).

Banquo the Chopper (Djinni Gladiator)              Turns: 11692, Time: 00:31:52

Health: -8/65      AC:  9    Str: 19    XL:     9   Next: 68%
Gold:   438        EV: 14    Int: 14    God:
                   SH:  0    Dex: 15

rFire   + + .      SeeInvis .   a - +0 war axe
rCold   + . .      Faith    +   (no shield)
rNeg    . . .      Spirit   .   g - +2 leather armour {rC+}
rPois   ∞          Reflect  .   c - +0 helmet
rElec   .          Harm     .   e - +1 cloak
rCorr   .          Rampage  .   A - +0 pair of gloves
Will    .....                   (boots unavailable)
Stlth   +.........              k - amulet of faith
HPRegen 0.20/turn               B - +6 ring of strength
MPRegen 0.00/turn               C - ring of protection from cold

@: flying
A: sickness immunity, fire resistance 2, cold vulnerability 1, float, innate
caster, HP casting, extra vitality 1
a: no special abilities


You were on level 7 of the Dungeon.
You visited 2 branches of the dungeon, and saw 8 of its levels.

You collected 438 gold pieces.

Inventory:

Hand Weapons
 a - a +0 war axe (weapon)
 b - a +1 trident of venom
 v - a +2 dagger of venom
Missiles
 d - 3 throwing nets (quivered)
 j - 240 stones
 n - 2 boomerangs of dispersal
 F - a javelin
Armour
 c - a +0 helmet (worn)
 e - a +1 cloak (worn)
 g - a +2 leather armour of cold resistance (worn)
 A - a +0 pair of gloves (worn)
 J - a +0 plate armour
Magical Staves
 l - a staff of cold
Jewellery
 k - an amulet of faith (around neck)
 B - a +6 ring of strength (left hand)
 C - a ring of protection from cold (right hand)
Wands
 p - a wand of charming (4)
 q - a wand of iceblast (16)
Scrolls
 i - 2 scrolls of teleportation
 m - a scroll of magic mapping
 x - a scroll of fog
 y - 2 scrolls of poison
 D - a scroll of enchant armour
 H - a scroll of noise {unknown}
Potions
 h - a potion of berserk rage {unknown}
 o - a potion of resistance
 r - 2 potions of mutation
 s - a potion of might {unknown}
 u - 2 potions of brilliance
 w - a potion of attraction {unknown}
 z - 4 potions of curing {unknown}
 G - a potion of haste
 I - 3 potions of cancellation


   Skills:
 * Level 5.0 Fighting
 * Level 7.6 Axes
 - Level 1.5 Throwing
 * Level 3.6 Armour
 * Level 5.5 Dodging
 * Level 3.3 Spellcasting


You had 5 spell levels left.
You knew the following spells:

 Your Spells              Type           Power      Damage    Failure   Level
a - Beastly Appendage     Tmut           22%        N/A       6%          1
b - Ensorcelled Hibernat  Hex/Ice        22%        N/A       9%          2
h - Hailstorm             Conj/Ice       11%        3d5       52%         4
z - Poisonous Vapours     Pois/Air       22%        N/A       9%          2
Your spell library was empty.

Dungeon Overview and Level Annotations

Branches:
Dungeon (7/15)             Temple (1/1) D:4

Altars:
Ashenzari
Cheibriados
Dithmenos
Elyvilon
Fedhas
Gozag
Hepliaklqana
Kikubaaqudgha
Makhleb
Nemelex Xobeh
Okawaru
Qazlal
Ru
Trog
Vehumet
Wu Jian
Xom
Yredelemnul
Zin
The Shining One

Shops:
D:4 =*([   D:5 =

Annotations:
D:6 exclusion: statue


Innate Abilities, Weirdness & Mutations

You are immune to sickness and miasma.
You are immune to poison.
Your flesh is very heat resistant. (rF++)
You are vulnerable to cold. (rC-)
You float through the air rather than walking.
You learn spells naturally, not from books.
Your magical power is your life essence.
You have superior vitality. (+4 MHP)


Message History

The orc warrior shouts!
You slash the orc!
You kill the orc!
The orc warrior throws a boomerang.
The boomerang closely misses you. The orc warrior misses you.
The orc warrior barely misses you.
Things that are here:
a +0 falchion; a +0 leather armour; an orc corpse You barely miss the orc warrior.
The orc warrior is severely wounded.
You hit the orc warrior but do no damage.
The orc warrior barely misses you.
The orc warrior hits you with a +0 hand axe!
You hit the orc warrior but do no damage.
You punch the orc warrior, but do no damage.
The orc warrior is severely wounded.
You slash the orc warrior!
The orc warrior hits you with a +0 long sword.
The orc warrior hits you but does no damage.
You closely miss the orc warrior.
The orc warrior is severely wounded.
You hit the orc warrior. The orc warrior misses you.
The orc warrior hits you with a +0 hand axe!
You hit the orc warrior.
The orc warrior is severely wounded.
You hit the orc warrior but do no damage.
The orc warrior hits you with a +0 long sword!
The orc warrior hits you with a +0 hand axe.
* * * LOW HITPOINT WARNING * * *
You completely miss the orc warrior.
The orc warrior is severely wounded.
You barely miss the orc warrior.
The orc warrior hits you with a +0 long sword!!
* * * LOW HITPOINT WARNING * * *
The orc warrior barely misses you.
You slash the orc warrior!
You kill the orc warrior!
You closely miss the orc warrior.
The orc warrior hits you with a +0 long sword!
You die...

#..####.#.>.####..........#####.
#..# #.....# #...............#
#..# #####.# ##########.####..
##..# #.# #.# #.# .#..# #.# ###
#.# #.# [#..# #.###.#########.#
#.# .#..# #.##............# #.#
....### #.###o########### #.#
.##...# #.# #@# #.#
.####.######.###)###### ###.# .#
#......o.......o..# #...# ##
#.#######.#######.# #.#.# #.#
#.# #.# #.#.# #.# #.# #.# ##.#.#
#o# #.# ##.######....# #.# #.#
#...)........# o.....# #.#
###...#####...##


You could see an orc warrior.

Vanquished Creatures
  A steam dragon (D:6)
  3 black bears
  An ogre (D:4)
  2 orc warriors (D:7)
  A sky beast (D:7)
  4 phantoms
  3 centaurs (D:6)
  2 bullfrogs
  A scorpion (D:6)
  2 howler monkeys
  4 jellies
  3 orc priests
  3 hounds
  7 iguanas
  2 orc wizards
  6 gnolls
  10 adders
  2 shadow imps
  An ufetubus (D:4)
  An adder skeleton (D:2)
  4 worms
  4 dart slugs (D:1)
  23 orcs
  8 endoplasms
  5 giant cockroaches
  10 goblins
  6 hobgoblins
  4 jackals
  5 quokkas
  5 ball pythons
  A ball python skeleton (D:2)
  2 ball python zombies (D:2)
  4 bats
  2 frilled lizards (D:1)
  A jackal skeleton (D:2)
  6 kobolds
  6 rats
155 creatures vanquished.

Vanquished Creatures (others)
  3 withered plants (D:2)
3 creatures vanquished.

Grand Total: 158 creatures vanquished

Notes
Turn   | Place    | Note
-------+----------+-------------------------------------------
     0 | D:1      | Banquo the Djinni Gladiator began the quest for the Orb.
     0 | D:1      | Reached XP level 1. HP: 18/18 MP: 0/0
   114 | D:1      | Reached XP level 2. HP: 23/23 MP: 0/0
   405 | D:1      | Reached skill level 3 in Axes
   543 | D:1      | Reached XP level 3. HP: 21/28 MP: 0/0
   543 | D:1      | Learned a level 1 spell: Beastly Appendage
  1246 | D:2      | Found a faded altar of an unknown god.
  1599 | D:2      | Reached XP level 4. HP: 28/34 MP: 0/0
  1952 | D:2      | Reached skill level 4 in Axes
  2463 | D:3      | Reached XP level 5. HP: 22/39 MP: 0/0
  2463 | D:3      | Learned a level 2 spell: Ensorcelled Hibernation
  3401 | D:4      | Found a staircase to the Ecumenical Temple.
  3418 | Temple   | Entered the Ecumenical Temple
  3712 | D:4      | Found Esaupauw's General Store.
  3820 | D:4      | Reached XP level 6. HP: 45/45 MP: 0/0
  4135 | D:4      | Reached skill level 5 in Axes
  4477 | D:4      | Found Jideurih's Antique Armour Shoppe.
  4513 | D:4      | Found Omesh's Weapon Boutique.
  4551 | D:4      | Found Ytwierr's Jewellery Shoppe.
  5196 | D:4      | Reached XP level 7. HP: 27/50 MP: 0/0
  5196 | D:4      | Learned a level 2 spell: Poisonous Vapours
  5440 | D:4      | Reached skill level 1 in Armour
  5649 | D:4      | Reached skill level 1 in Spellcasting
  5774 | D:4      | Noticed an angel
  5775 | D:4      | Found a glowing silver altar of Zin.
  6012 | D:3      | Reached skill level 6 in Axes
  6209 | D:4      | Reached XP level 8. HP: 10/57 MP: 0/0
  6595 | D:5      | Entered Level 5 of the Dungeon
  6910 | D:5      | Found Hekhlaez's Jewellery Boutique.
  8474 | D:6      | Reached skill level 7 in Axes
  8833 | D:6      | Reached XP level 9. HP: 58/63 MP: 0/0
  8833 | D:6      | Learned a level 4 spell: Hailstorm
  9266 | D:6      | Found an opulent altar of Gozag.
  9266 | D:6      | Found a bloodstained altar of Trog.
  9589 | D:6      | Reached skill level 5 in Dodging
 10017 | D:6      | Found a glowing golden altar of the Shining One.
 11381 | D:7      | Reached skill level 5 in Fighting
 11691 | D:7      | HP: 1/65 [orc warrior/+0 long sword (18)]
 11692 | D:7      | Mangled by an orc warrior

Illustrated notes

Levels and vault maps discovered:
D:1:      lightli_arrival_quake, layout_basic, minmay_misc_feat_x
D:2:      layout_rooms, serial_undead, serial_undead_d, serial_undead_b,
          serial_undead_d, serial_undead_b, serial_undead_d, serial_undead_f,
          serial_undead_f, serial_undead_e, hellmonk_ecumenical_altar_crossroads
D:3:      layout_loops_ring, serial_glass, glass_columns_c, glass_columns_a
D:4:      minmay_chambers_of_fours, layout_loops_ring, zin_angel,
          minmay_temple_entry_trees, serial_shops, shop, shop,
          nicolae_shop_advertising_works [nicolae_subvault_shop_adworks], shop,
          minmay_tree_intersection
D:5:      layout_rooms, serial_shops, nicolae_square_shop,
          minmay_misc_feat_doors
D:6:      layout_loops_ring, nicolae_tso_carved_into_rock, vehumet_statue,
          gammafunk_temple_overflow_statue
D:7:      layout_loops_ring
Temple:   regret_index_temple_generic_petals

Skill      XL: |  1  2  3  4  5  6  7  8  9 |
---------------+----------------------------+-----
Axes           | 3 4 5 6 7 |  7.6
Fighting       | 3 4 5 |  5.0
Armour         | 1 3 |  3.6
Spellcasting   | 1 2 3 |  3.3
Dodging        | 4 5 |  5.5
Throwing       | |  1.5

Action                   |  1- 3 |  4- 6 |  7- 9 || total
-------------------------+-------+-------+-------++-------
Melee: War axe           |    88 |   243 |   233 ||   564
       Punch             |       |     4 |     5 ||     9
 Cast: Poisonous Vapours |       |       |    65 ||    65
       Beastly Appendage |       |       |     1 ||     1
Evoke: Wand              |       |       |     1 ||     1
  Use: Scroll            |       |     9 |     4 ||    13
 Stab: Sleeping          |     1 |     1 |       ||     2
Armor: Leather armour    |    41 |   118 |    96 ||   255
Dodge: Dodged            |    60 |   191 |   211 ||   462

Table legend: (Time is in decaauts)
 A = Elapsed time spent in this place.
 B = Non-inter-level travel time spent in this place.
 C = Inter-level travel time spent in this place.
 D = Time resting spent in this place.
 E = Time spent auto-exploring this place.
 F = Levels seen in this place.
 G = Mean time per level.
                   A        B        C        D        E       F      G
               +--------+--------+--------+--------+--------+-----+--------+
         Total |  11837 |  10688 |   1149 |   3379 |   4850 |   8 | 1479.6 |
       Dungeon |  11595 |  10473 |   1122 |   3379 |   4645 |   7 | 1656.4 |
        Temple |    241 |    214 |     27 |      0 |    205 |   1 |  241.0 |
               +--------+--------+--------+--------+--------+-----+--------+

Top non-repeatable levels by time:
     D:4: 2905 daAuts
     D:6: 2281 daAuts
     D:1: 1713 daAuts
     D:3: 1593 daAuts
     D:5: 1351 daAuts
     D:7: 1049 daAuts
     D:2: 702 daAuts
  Temple: 241 daAuts
